Match 41053354
Unlisted

Match 41053354
End
Construct Section Command Post
Vickers Machine Gun Team
Selects Canadian Shock Battlegroup
Selects Canadian Shock Battlegroup
Selects Canadian Shock Battlegroup
Dingo Light Scout Car
Infantry Section
Infantry Section
Royal Engineer Section
Construct Platoon Command Post
Selects Attacking Spirit
Selects Canadian Shock Section
Infantry Section
Infantry Training
6-pounder Anti-tank Gun Team
Grenade Package
Canadian Shock Section
Selects Incendiary Munitions
Selects Pyrotechnics
Construct Company Command Post
Matilda II Heavy Tank
6-pounder Anti-tank Gun Team
Infantry Section
Selects Churchill Crocodile Heavy Tank
Churchill Crocodile Heavy Tank
Crusader II Medium Tank
Unlock Bishop Self-propelled Artillery
Doge
MinisteriumfürStaatssicherheit
CAuMOH
Asuka top soska>З
0
0

Comments sign in to comment!

No comments posted yet!